 Dungeon Crawl Stone Soup version 0.30-a0-12-gd8047c6341 (console) character file.

Game seed: 15722726574690926527

153 capslocke the Grave Robber (level 5, -8/28 HPs)
             Began as a Deep Elf Necromancer on Aug 24, 2022.
             Mangled by an orc
             ... wielding a +1 falchion of electrocution
              (20 damage)
             ... on level 4 of the Dungeon.
             The game lasted 00:10:16 (3156 turns).

capslocke the Grave Robber (Deep Elf Necromancer)   Turns: 3156, Time: 00:10:16

Health: -8/28      AC:  8    Str:  5    XL:     5   Next: 12%
Magic:  7/14       EV:  9    Int: 22    God:
Gold:   109        SH:  3    Dex: 15    Spells: 12/13 levels left

rFire   + . .      SeeInvis .    e - +2 dagger (protect)
rCold   . . .      Faith    .    n - +0 buckler
rNeg    . . .      Spirit   .    o - +0 ring mail {rF+}
rPois   .          Reflect  .    h - +0 helmet
rElec   .          Harm     .    g - +0 cloak
rCorr   .          Rampage  .    (no gloves)
Will    .....                    w - +0 pair of boots
Stlth   ++........               (no amulet)
HPRegen 0.09/turn                (no ring)
MPRegen 0.14/turn                (no ring)

@: no status effects
A: no striking features
a: no special abilities


You were on level 4 of the Dungeon.
You visited 1 branch of the dungeon, and saw 4 of its levels.

You collected 109 gold pieces.

Inventory:

Hand Weapons
 e - a +2 dagger of protection (weapon)
Missiles
 s - 3 javelins
 x - 6 poisoned darts
Armour
 a - a +0 robe
 g - a +0 cloak (worn)
 h - a +0 helmet (worn)
 n - a +0 buckler (worn)
 o - a +0 ring mail of fire resistance (worn)
 w - a +0 pair of boots (worn)
Jewellery
 b - an amulet of faith
 m - a ring of fire
Wands
 q - a wand of flame (14)
Scrolls
 c - 4 scrolls of fear {unknown}
 d - 2 scrolls of teleportation {unknown}
 f - a scroll of fog {unknown}
 k - 4 scrolls of identify {unknown}
 l - a scroll of magic mapping {unknown}
 p - a scroll of enchant armour {unknown}
 t - a scroll of torment {unknown}
 v - a scroll of blinking {unknown}
Potions
 i - 2 potions of mutation {unknown}
 j - a potion of haste {unknown}
 r - a potion of curing {unknown}
 u - a potion of attraction {unknown}
 z - a potion of lignification {unknown}


   Skills:
 + Level 2.5 Dodging
 + Level 2.7 Stealth
 + Level 4.9 Spellcasting
 + Level 6.7 Necromancy


You had 12 spell levels left.
You knew the following spells:

 Your Spells              Type           Power      Damage    Failure   Level
a - Necrotise             Necr           100%       1d9       4%          1

Your spell library contained the following spells:

 Spells                   Type           Power      Damage    Failure   Level
 Vampiric Draining        Necr           35%        2d8       13%         3
 Animate Dead             Necr           35%        N/A       41%         4
 Agony                    Necr           35%        N/A       77%         5
 Ozocubu's Armour         Ice            5%         N/A       91%         3
 Metabolic Englaciation   Hex/Ice        2%         N/A       100%        5
 Simulacrum               Ice/Necr       10%        N/A       100%        6


Dungeon Overview and Level Annotations

Branches:
Dungeon (4/15)
 Temple: D:4-7

Altars:
Vehumet

Annotations:
D:3 3 runed translucent doors, nickcage's ghost, amateur MiGl


Message History

Confirm with . or Enter, or press ? or * to list all spells.
Aiming: Necrotise (safe; 4% risk of failure)
Press: ? - help, Shift-Dir - straight line, f/p - orc priest
Aim: an orc priest, wielding a +0 club and wearing a +0 leather armour (moderately wounded, chance to affect: 83%)
The orc priest writhes in agony!
The orc priest invokes the aid of Beogh against you.
Beogh smites you!
Casting: Necrotise (safe; 4% risk of failure)
Confirm with . or Enter, or press ? or * to list all spells.
Aiming: Necrotise (safe; 4% risk of failure)
Press: ? - help, Shift-Dir - straight line, f/p - orc priest
Aim: an orc priest, wielding a +0 club and wearing a +0 leather armour (moderately wounded, chance to affect: 83%)
The orc priest writhes in agony.
You can't go up here!
Press: ? - help, v - describe, . - travel The floor.
Okay, then.
Casting: Necrotise (safe; 4% risk of failure)
Confirm with . or Enter, or press ? or * to list all spells.
Aiming: Necrotise (safe; 4% risk of failure)
Press: ? - help, Shift-Dir - straight line, f - orc priest, p - orc priest
Aim: an orc priest, wielding a +0 hand axe and wearing a +0 chain mail (severely wounded, chance to affect: 83%)
The orc priest writhes in agony!
You kill the orc priest!
The dead are walking!
A dart slug comes into view.
The orc wizard mumbles some strange words.
The orc wizard flickers and vanishes!
Deactivating autopickup; reactivate with Ctrl-A.
You have reached level 5!
Casting: Necrotise (safe; 4% risk of failure)
Confirm with . or Enter, or press ? or * to list all spells.
Aiming: Necrotise (safe; 4% risk of failure)
Press: ? - help, Shift-Dir - straight line, f - orc
Aim: an orc, wielding a +1 falchion of electrocution (ally target, chance to affect: 93%)
The orc writhes in agony.
The orc hits you with a +1 falchion of electrocution.
You are electrocuted!!
Ouch! That really hurt!
You die...

#..#
###..#
#....#
#.##.# #.
#.# #. #.#
#. #.# #.
#.# #. #@#
#.
#.o.o....
...Zo..w.
#########.


You could see an orc priest, a dart slug, 2 orcs and a friendly orc priest
skeleton.

Vanquished Creatures
  An orc priest (D:4)
  4 adders
  A worm (D:2)
  A dart slug (D:1)
  7 orcs (D:3)
  11 bats
  5 endoplasms
  3 giant cockroaches
  4 goblins (D:1)
  5 hobgoblins
  7 jackals
  A quokka (D:2)
  3 ball pythons (D:1)
  3 frilled lizards
  6 kobolds
  6 rats
68 creatures vanquished.

Vanquished Creatures (collateral kills)
  A dart slug (D:1)
  A hobgoblin (D:2)
  A frilled lizard (D:1)
  A rat (D:2)
4 creatures vanquished.

Grand Total: 72 creatures vanquished

Notes
Turn   | Place    | Note
-------+----------+-------------------------------------------
     0 | D:1      | capslocke the Deep Elf Necromancer began the quest for the
                  | Orb.
     0 | D:1      | Reached XP level 1. HP: 10/10 MP: 6/6
    99 | D:1      | Reached skill level 5 in Necromancy
   101 | D:1      | Reached XP level 2. HP: 15/15 MP: 0/8
   614 | D:1      | Reached XP level 3. HP: 19/19 MP: 7/10
  1273 | D:2      | Found a radiant altar of Vehumet.
  1529 | D:2      | Reached skill level 6 in Necromancy
  1554 | D:2      | Reached XP level 4. HP: 24/24 MP: 10/12
  2186 | D:3      | Found a runed translucent gate.
  2186 | D:3      | Found a runed translucent gate.
  2186 | D:3      | Found a runed translucent gate.
  2187 | D:3      | Noticed nickcage's ghost (amateur MiGl)
  2188 | D:3      | Noticed a kobold brigand
  3156 | D:4      | Reached XP level 5. HP: 15/28 MP: 8/14
  3156 | D:4      | Mangled by an orc

Illustrated notes

Levels and vault maps discovered:
D:1:      dpeg_arrival_rhombus, layout_rooms, minmay_pentomino_u4
D:2:      layout_loops_corners, basic_altar, minmay_misc_feat_ornament,
          kennysheep_generic_room_10
D:3:      layout_basic, gammafunk_ghost_nasty_kobolds, st_stairs_14
D:4:      layout_loops_ring, chequers_temple_overflow_statue_of_worship,
          minmay_statues_item, uniq_ijyb

Skill      XL: |  1  2  3 |
---------------+----------+-----
Necromancy     | 5 6 |  6.7
Spellcasting   | 4 |  4.9
Dodging        | |  2.5
Stealth        | |  2.7

Action                   |  1- 3 |  4- 6 || total
-------------------------+-------+-------++-------
Melee: Unarmed           |    11 |       ||    11
       Dagger            |     7 |     1 ||     8
       Punch             |     1 |       ||     1
 Cast: Necrotise         |    63 |    50 ||   113
  Use: Potion            |     1 |       ||     1
 Stab: Distracted        |     1 |       ||     1
Armor: Robe              |    12 |       ||    12
       Ring mail         |       |     5 ||     5
Dodge: Dodged            |    23 |       ||    23
Block: Buckler           |     1 |     2 ||     3

Table legend: (Time is in decaauts)
 A = Elapsed time spent in this place.
 B = Non-inter-level travel time spent in this place.
 C = Inter-level travel time spent in this place.
 D = Time resting spent in this place.
 E = Time spent auto-exploring this place.
 F = Levels seen in this place.
 G = Mean time per level.
                   A        B        C        D        E       F      G
               +--------+--------+--------+--------+--------+-----+--------+
         Total |   3155 |   3098 |     57 |    599 |   2107 |   4 |  788.8 |
       Dungeon |   3155 |   3098 |     57 |    599 |   2107 |   4 |  788.8 |
               +--------+--------+--------+--------+--------+-----+--------+

Top non-repeatable levels by time:
     D:2: 1252 daAuts
     D:3: 1010 daAuts
     D:1: 865 daAuts
     D:4: 25 daAuts
